 Dungeon Crawl Stone Soup version 0.17-a0-1570-g74b7129 (console) character file.

20570 Monkaria the Severer (level 12, -2/110 HPs)
             Began as a Deep Dwarf Berserker on July 23, 2015.
             Was an Elder of Trog.
             Slain by a freezing wraith (6 damage)
             ... on level 1 of the Abyss.
             The game lasted 00:35:07 (11319 turns).

Monkaria the Severer (Deep Dwarf Berserker)        Turns: 11319, Time: 00:35:07

Health: -2/110     AC: 11    Str: 21    XL:     12   Next: 46%
Magic:  12/12      EV: 23    Int:  9    God:    Trog [****..]
Gold:   699        SH:  0    Dex: 16    Spells: 0 memorised, 11 levels left

rFire  . . .     SeeInvis .     Q - +0 battleaxe
rCold  + . .     Clarity  .     G - +1 leather armour {rC+}
rNeg   . . .     SustAt   .     (no shield)
rPois  +         Gourm    .     q - +1 helmet
rElec  .         Spirit   .     e - +2 cloak {+Inv}
rCorr  .         Warding  .     (no gloves)
rMut   .         Stasis   .     (no boots)
MR     +++..                    a - amulet of faith
Stlth  +.........               g - +5 ring of evasion
                                x - ring of poison resistance

@: non-regenerating, diseased, slowed, very slow, extremely resistant to hostile
enchantments, very unstealthy
A: damage resistance, recharge devices, sense surroundings 2, slow healing 3
a: Device Recharging, Burn Spellbooks, Berserk, Trog's Hand, Brothers in Arms,
Renounce Religion, Evoke Invisibility


You were on level 1 of the Abyss.
You worshipped Trog.
Trog was greatly pleased with you.
You were not hungry.

You visited 3 branches of the dungeon, and saw 13 of its levels.
You visited the Abyss 2 times.

You collected 715 gold pieces.

Inventory:

Hand weapons
 t - a +0 blowgun
 N - the +8 flail of Fomauma {freeze, +Blink Str+4 Int-4}
   (You found it on level 8 of the Dungeon)

   It has been specially enchanted to freeze those struck by it, causing extra
   injury to most foes and up to half again as much damage against particularly
   susceptible opponents.
   It can also slow down cold-blooded creatures.
   It affects your strength (+4).
   It affects your intelligence (-4).
   It lets you blink.
 Q - a +0 battleaxe (weapon)
Missiles
 i - 6 needles of confusion
 r - 18 tomahawks (quivered)
 w - 47 poisoned needles
 z - 7 curare-tipped needles
 F - 6 javelins
Armour
 e - a +2 cloak of invisibility (worn)
 q - a +1 helmet (worn)
 G - a +1 leather armour of cold resistance (worn)
Jewellery
 a - an amulet of faith (around neck)
 b - an uncursed ring of magical power
 g - a +5 ring of evasion (right hand)
 o - an uncursed ring of protection from fire
 x - a ring of poison resistance (left hand)
Magical devices
 c - a wand of heal wounds (0)
 y - a wand of magic darts (32)
 E - a wand of lightning (10)
 S - a wand of cold (8)
Scrolls
 h - 2 scrolls of fog
 k - 2 scrolls of fear
 m - 2 scrolls of recharging
 s - 5 scrolls of teleportation {unknown}
 u - 3 scrolls of remove curse
 B - a scroll of amnesia {unknown}
 R - a scroll of magic mapping {unknown}
Potions
 f - a potion of agility
 l - 2 potions of invisibility
 p - 2 potions of magic
 A - 2 potions of might
 C - 2 potions of flight
 D - 2 potions of lignification
 I - a potion of resistance {unknown}
 K - 2 potions of mutation {unknown}
 L - a potion of cure mutation {unknown}
 M - 2 potions of heal wounds {unknown}
 O - 3 potions of cancellation {unknown}
 P - a potion of ambrosia {unknown}
 T - a potion of curing {unknown}
Books
 v - a book of Beasts

   Spells                             Type                      Level
   a - Summon Butterflies             Summoning                    1
   b - Call Canine Familiar           Summoning                    3
   c - Summon Ice Beast               Ice/Summoning                4
   d - Summon Mana Viper              Hexes/Summoning              5
   e - Summon Hydra                   Summoning                    7
   Trog disapproves of the use of such an item.
 H - a book of Alchemy

   Spells                             Type                      Level
   a - Sublimation of Blood           Necromancy                   2
   b - Ignite Poison                  Fire/Transmutation/Poison    3
   c - Alistair's Intoxication        Transmutation/Poison         4
   d - Condensation Shield            Ice                          4
   e - Petrify                        Transmutation/Earth          4
   f - Irradiate                      Conjuration/Transmutation    5
   Trog disapproves of the use of such an item.
Miscellaneous
 U - a plain deck of wonders {drawn: 3}
Comestibles
 d - 8 bread rations
 j - 3 beef jerkies
 n - a slice of pizza


   Skills:
 - Level 8.1 Fighting
 + Level 16.2 Axes
 - Level 10.0 Armour
 - Level 9.2 Dodging


You had 11 spell levels left.
You didn't know any spells.

Dungeon Overview and Level Annotations

Branches:
Dungeon (9/15)             Temple (1/1) D:6            Lair (3/8) D:9
  Swamp: Lair:3-6    Shoals: Lair:3-6     Snake: Lair:3-6    Spider: Lair:3-6
    Orc: D:9-12

Altars:
Ashenzari
Cheibriados
Dithmenos
Elyvilon
Fedhas
Gozag
Kikubaaqudgha
Makhleb
Nemelex Xobeh
Okawaru
Qazlal
Ru
Sif Muna
Trog
Vehumet
Xom
Yredelemnul
Zin
The Shining One

Shops:
D:7 (   D:9 (

Annotations:
D:8 Gastronok
Lair:3 Sonja


Innate Abilities, Weirdness & Mutations

You are resistant to damage.
You can recharge devices by infusing magical energy.
You passively map the area around you.
You do not heal naturally.


Message History

Press: ? - help, Shift-Dir - straight line, f - you You feel much better.
This wand has 0 charges left.
The ancient zyme barely misses you. The ancient zyme hits you!
* * * LOW HITPOINT WARNING * * *
The freezing wraith hits you.
* * * LOW HITPOINT WARNING * * *
The freezing wraith freezes you! You resist.
* * * LOW HITPOINT WARNING * * *
The freezing wraith hits you!
* * * LOW HITPOINT WARNING * * *
The freezing wraith drains your vigour!
You feel as though you will be slow longer.
* * * LOW HITPOINT WARNING * * *
The small abomination hits you!
* * * LOW HITPOINT WARNING * * *
The large abomination barely misses you.
The ancient zyme barely misses you.
The ancient zyme hits you but does no damage.
The freezing wraith hits you!
You die... .# ##. ## ...# .# #..# .# #. ###.## #......# #3##..# #xXX#

## #. #.@#.x.
...
##Wx...###.#.
# #....## ...
..##.### .. #
#..###. #
.....
...##.#....
.# .....#
..#....... ##
. # ##


You could see an ancient zyme, a thrashing horror, a large abomination, a
freezing wraith, a neqoxec and a small abomination.

Vanquished Creatures
  A hydra (Lair:1)
  Harold (Lair:2)
  A large abomination (Abyss:1)
  A giant orange brain (Abyss:1)
  A cyclops (D:8)
  A griffon (Lair:3)
  Maurice (D:8)
  3 black mambas
  An orange demon (Abyss:1)
  2 spiny frogs
  4 komodo dragons
  A troll (D:9)
  An ancient zyme (Abyss:1)
  A two-headed ogre (D:9)
  5 blink frogs (Lair:1)
  6 yaks (Lair:1)
  The ghost of Mandevil the Conjurer, an average FeCj (D:4)
  2 wyverns
  2 hippogriffs
  2 hungry ghosts
  A soldier ant (D:8)
  3 hell hounds (Abyss:1)
  4 water moccasins
  A wasp (D:8)
  7 orc warriors
  2 porcupines
  The ghost of Monkaria the Chopper, an average DDBe of Trog (D:4)
  3 phantoms
  A spider (D:8)
  3 ogres
  A necrophage (D:8)
  5 centaurs
  6 crocodiles
  9 giant frogs
  A big kobold (D:7)
  A wyvern skeleton (D:6)
  2 scorpions
  3 wights (D:7)
  4 killer bees (D:6)
  5 crimson imps
  A quasit (D:7)
  A centaur zombie (D:9)
  2 electric eels (Lair:1)
  2 giant frog zombies
  A jelly (D:6)
  2 hounds (D:7)
  6 orc priests
  A giant frog skeleton (D:5)
  A gnoll shaman (D:3)
  4 worker ants
  9 orc wizards
  9 iguanas
  3 sheep (D:8)
  2 hell rats (Lair:2)
  A mummy (D:5)
  12 gnolls
  11 adders
  46 river rats
  A shadow imp (D:6)
  2 oozes (D:2)
  An ufetubus (Abyss:1)
  An adder zombie (D:6)
  5 worms
  4 giant geckos
  49 orcs
  2 bat skeletons (D:4)
  A bat zombie (D:7)
  4 giant cockroaches
  17 goblins
  14 hobgoblins
  13 jackals
  13 kobolds
  3 quokkas
  11 bats
  2 giant gecko skeletons
  2 giant newts
  20 rats
  A fungus (Lair:2)
  A plant (Lair:2)
382 creatures vanquished.

Vanquished Creatures (others)
  A wizard (D:6)
  A river rat (Lair:1)
  A fungus (Lair:1)
  A plant (D:9)
4 creatures vanquished.

Grand Total: 386 creatures vanquished

Notes
Turn   | Place    | Note
--------------------------------------------------------------
     0 | D:1      | Monkaria the Deep Dwarf Berserker began the quest for the Orb.
     0 | D:1      | Reached XP level 1. HP: 20/20 MP: 1/1
   178 | D:1      | Reached XP level 2. HP: 14/28 MP: 2/2
   442 | D:1      | Acquired Trog's second power
   607 | D:1      | Reached XP level 3. HP: 25/36 MP: 3/3
   770 | D:2      | Reached skill level 4 in Fighting
  1199 | D:2      | Reached XP level 4. HP: 31/44 MP: 4/4
  1614 | D:3      | Found a burning altar of Makhleb.
  1808 | D:3      | Found a shadowy altar of Dithmenos.
  1857 | D:3      | Found a shimmering altar of Xom.
  1857 | D:3      | Found a blossoming altar of Fedhas.
  1859 | D:3      | Found a radiant altar of Vehumet.
  1860 | D:3      | Found a glowing silver altar of Zin.
  1863 | D:3      | Found a basalt altar of Yredelemnul.
  1865 | D:3      | Found an ancient bone altar of Kikubaaqudgha.
  1867 | D:3      | Found an opulent altar of Gozag.
  1961 | D:3      | Reached skill level 5 in Axes
  1965 | D:3      | Reached XP level 5. HP: 48/50 MP: 5/5
  2274 | D:4      | Reached skill level 6 in Axes
  2277 | D:4      | Noticed Mandevil's ghost (average FeCj)
  2289 | D:4      | Killed Mandevil's ghost
  2289 | D:4      | Reached skill level 7 in Axes
  2289 | D:4      | Reached XP level 6. HP: 54/57 MP: 6/6
  2290 | D:4      | Noticed Monkaria's ghost (average DDBe)
  2309 | D:4      | Noticed a phantom
  2309 | D:4      | Killed Monkaria's ghost
  2346 | D:4      | Killed a phantom
  2346 | D:4      | Reached skill level 8 in Axes
  2346 | D:4      | Reached XP level 7. HP: 38/64 MP: 7/7
  2372 | D:4      | Noticed a centaur
  2397 | D:4      | Killed a centaur
  2635 | D:4      | Noticed a centaur
  2654 | D:4      | Killed a centaur
  2654 | D:4      | Reached skill level 9 in Axes
  2845 | D:4      | Noticed an ogre
  2852 | D:4      | Killed an ogre
  2963 | D:4      | Reached skill level 10 in Axes
  2963 | D:4      | Reached XP level 8. HP: 38/72 MP: 8/8
  3024 | D:5      | Entered Level 5 of the Dungeon
  3031 | D:5      | Got a transparent scale mail
  3042 | D:5      | Identified the +10 scale mail of the Spider Nest {*Confuse MR++ Regen+ MP+9} (You found it on level 5 of the Dungeon)
  3543 | D:5      | Found a snail-covered altar of Cheibriados.
  4056 | D:6      | Reached skill level 5 in Armour
  4095 | D:6      | Found a bloodstained altar of Trog.
  4096 | D:6      | Noticed a wizard
  4101 | D:6      | Killed a wizard
  4270 | D:6      | Found a shattered altar of Ashenzari.
  4907 | D:6      | Gained mutation: You passively map the area around you. [Deep Dwarf growth]
  4907 | D:6      | Reached XP level 9. HP: 41/78 MP: 9/9
  5018 | D:6      | Found a staircase to the Ecumenical Temple.
  5266 | Temple   | Entered the Ecumenical Temple
  5592 | D:6      | Reached skill level 5 in Fighting
  6236 | D:7      | Found Kearraga's Weapon Shop.
  6447 | D:8      | Acquired Trog's third power
  6740 | D:8      | Noticed Gastronok
  6857 | D:8      | Got a steaming flail
  6873 | D:8      | Noticed a cyclops
  6896 | D:8      | Killed a cyclops
  6967 | D:8      | Noticed Maurice
  6989 | D:8      | Killed Maurice
  6989 | D:8      | Reached XP level 10. HP: 63/96 MP: 10/10
  6999 | D:8      | Identified the +8 flail of Fomauma {freeze, +Blink Str+4 Int-4} (You found it on level 8 of the Dungeon)
  7049 | D:8      | Found a sparkling altar of Nemelex Xobeh.
  7259 | D:8      | Reached skill level 12 in Axes
  7259 | D:8      | Reached XP level 11. HP: 38/103 MP: 11/11
  7720 | D:8      | Reached skill level 13 in Axes
  8251 | D:9      | Found a staircase to the Lair.
  8260 | D:9      | Found Guguetid's Antique Weapon Shoppe.
  8753 | Lair:1   | Entered Level 1 of the Lair of Beasts
  8813 | Lair:1   | Reached skill level 14 in Axes
  8975 | Lair:1   | HP: 7/154 [black mamba (13)]
  9189 | Lair:1   | Noticed a four-headed hydra
  9213 | Lair:1   | Killed a four-headed hydra
  9302 | Lair:1   | Reached skill level 15 in Axes
 10107 | Lair:2   | Received a gift from Trog
 10150 | Lair:2   | Reached XP level 12. HP: 61/110 MP: 12/12
 10425 | Lair:2   | Found a radiant altar of Vehumet.
 10446 | Lair:2   | Reached skill level 16 in Axes
 10525 | Lair:2   | Noticed Harold
 10538 | Lair:2   | Killed Harold
 10562 | Lair:2   | Reached skill level 10 in Armour
 10977 | Lair:3   | Noticed Sonja
 11007 | Lair:3   | Cast into the Abyss (Sonja)
 11015 | Lair:3   | Escaped the Abyss
 11109 | Lair:3   | Cast into the Abyss (Sonja)
 11172 | Abyss:1  | Found a corrupted altar of Lugonu.
 11193 | Abyss:1  | Found a corrupted altar of Lugonu.
 11316 | Abyss:1  | HP: 4/110 [large abomination (28)]
 11319 | Abyss:1  | Slain by a freezing wraith

Vault maps used:
D:1:      lemuel_arrival_cross
D:3:      lemuel_round_altar, fedhas_altar_2, grunt_dithmenos_smoke_and_mirrors,
          minitemple, first_bread
D:5:      slow_altar_1
D:6:      cheibrodos_ashenzari_chains, minmay_temple_entry_mist,
          grunt_ministairs_10, trog_wizard
D:7:      serial_shops, nicolae_shop_crystal, serial_curves, eino_curves_01,
          eino_curves_04
D:8:      hangedman_pestilent_swarm, nemelex_spade_bored_becter, uniq_gastronok,
          uniq_maurice
D:9:      david_lair_shrubbed, special_room, serial_shops, shop_fountains
Temple:   minmay_temple_bridge_a_8
Lair:1:   dpeg_stationary_puzzle
Lair:2:   kennysheep_abandoned_house, basic_altar, serial_bayou_pond_c,
          uniq_harold
Lair:3:   uniq_maud, uniq_sonja
Abyss:1:  minivault_20

Action                   |  1- 3 |  4- 6 |  7- 9 | 10-12 || total
-------------------------+-------+-------+-------+-------++-------
Melee: Hand axe          |   151 |   164 |   128 |       ||   443
       War axe           |       |       |   376 |   236 ||   612
       Battleaxe         |       |       |       |   340 ||   340
       Flail             |       |       |       |    13 ||    13
 Fire: Blowgun           |       |       |    27 |    10 ||    37
Invok: Trog's Hand       |     2 |     7 |    21 |    28 ||    58
       Berserk           |     1 |     2 |     5 |     8 ||    16
 Abil: Evoke Invisibilit |       |       |       |     2 ||     2
Evoke: Wand              |     2 |     6 |    13 |     6 ||    27
       Deck              |       |       |       |     3 ||     3
  Use: Scroll            |       |     4 |    11 |     7 ||    22
       Potion            |       |       |       |     1 ||     1
 Stab: Sleeping          |     3 |     2 |     2 |     2 ||     9
  Eat: Chunk             |     2 |     6 |    20 |    32 ||    60
       Fruit             |       |       |     2 |       ||     2
       Royal jelly       |       |       |     1 |       ||     1
